 Dungeon Crawl Stone Soup version 0.15.2 (webtiles) character file.

17 equalderp2856 the Ducker (level 2, -1/14 HPs)
             Began as a Spriggan Healer on May 3, 2018.
             Was a Believer of Elyvilon.
             Slain by an ice beast (12 damage)
             ... on Level 2 of the Dungeon.
             The game lasted 00:10:38 (1876 turns).

equalderp2856 the Ducker (Spriggan Healer)          Turns: 1876, Time: 00:10:38

HP  -1/14        AC  4     Str  8      XL: 2   Next: 44%
MP   0/6         EV 18     Int 13      God: Elyvilon [**....]
Gold 82          SH  0     Dex 15      Spells:  0 memorised,  1 level left

rFire  . . .     SeeInvis +     (no weapon)
rCold  . . .     Clarity  .     a - +1 robe
rNeg   . . .     rCorr    .     (shield restricted)
rPois  .         rRot     .     (helmet restricted)
rElec  .         Spirit   .     j - +0 cloak
SustAb .         Warding  .     (gloves unavailable)
rMut   .         Stasis   .     (boots unavailable)
Gourm  .                        (no amulet)
MR     .....                    (no ring)
                                (no ring)

@: about to teleport, very quick, not resistant to hostile enchantments,
unstealthy
A: unfitting armour, see invisible, herbivore 3, speed 3, slow metabolism 2
a: Lesser Healing, Lesser Self-Healing, Divine Protection, Purification,
Renounce Religion


You were on level 2 of the Dungeon.
You worshipped Elyvilon.
Elyvilon was pleased with you.
You were not hungry.

You visited 1 branch of the dungeon, and saw 3 of its levels.

You collected 82 gold pieces.

Inventory:

Armour
 a - a +1 robe (worn)
 h - a +1 pair of boots of flying
 j - a +0 cloak (worn)
Scrolls
 g - a scroll of teleportation
 i - 2 scrolls of identify {unknown}
 k - a scroll of remove curse {unknown}
 l - a scroll of recharging {unknown}
Jewellery
 f - an uncursed amulet of guardian spirit {unknown}
Potions
 b - a potion of curing
 c - a potion of heal wounds
 d - 3 potions of porridge
 e - a potion of cancellation {unknown}


   Skills:
 + Level 0.7 Fighting
 + Level 3.6 Dodging
 + Level 0.4 Stealth
 + Level 3.3 Invocations


You had one spell level left.
You didn't know any spells.

Dungeon Overview and Level Annotations

Branches:
Dungeon (3/15)

Altars:
Zin
The Shining One


Innate Abilities, Weirdness & Mutations

You are tiny and cannot use many weapons and most armour.
You have supernaturally acute eyesight.
You are a herbivore.
You cover ground extremely quickly.
You need consume almost no food.


Message History

Unknown command.
Use which ability? (? or * to list)
Press: ? - help, Dir - move target cursor, f/p - ice beast Heal: an ice beast The light of Elyvilon fails to reach the ice beast.
You feel somewhat more hungry. The ice beast misses you.
Read which item? (? for menu, Esc to quit)
As you read the scroll labeled THRAD WETINAAVAON, it crumbles to dust.
You feel strangely unstable.
It was a scroll of teleportation.
The ice beast closely misses you.
Unknown command.
The ice beast hits you but does no damage.
The worm bites you!
Ouch! That really hurt!
* * * LOW HITPOINT WARNING * * *
Unknown command.
Drink which item? (? for menu, Esc to quit)
You feel better. The ice beast hits you. The ice beast freezes you!
Ouch! That really hurt!
You die...

# #......##.w##############.#
# #......##..##### ####.# #
#......##......# #....# #
####'####.####.# #.#### # #.#
#.#..#.# #.#####
######.####..#.#.#######.....#
................w........###.#
######.##....#.#Y#######.#<#.#
..####.##.##.#.#@# #.#.#g#
....##....##.#.#w# #.#.#.#
..#.########.#.#.# #...#.#
##........##.#.#.# #####.#
#..#####.##.#.#.# #(# ##..#
#.....#.#.###########.# .#..#
#..####.....(..w..g...#
.#######......##.#############
.#.......####.##.#


You could see 2 worms and an ice beast.

Vanquished Creatures (others)
  A hobgoblin (D:2)
  2 rats
3 creatures vanquished.

Notes
Turn   | Place    | Note
--------------------------------------------------------------
     0 | D:1      | equalderp2856, the Spriggan Healer, began the quest for the Orb.
     0 | D:1      | Reached XP level 1. HP: 9/9 MP: 2/2
   501 | D:1      | Reached XP level 2. HP: 14/14 MP: 3/5
  1180 | D:2      | Found a glowing silver altar of Zin.
  1183 | D:2      | Found a glowing golden altar of the Shining One.
  1617 | D:3      | Noticed an ice beast
  1876 | D:2      | Slain by an ice beast

Action                   || total
-------------------------++-------
Melee: Unarmed           ||     3
Invok: Lesser Healing    ||    55
  Use: Scroll            ||     1
       Potion            ||     1
  Eat: Bread ration      ||     1
       Pizza             ||     1
